 Dungeon Crawl Stone Soup version 0.20-a0-927-g1ae2c61 (webtiles) character file.

16712 Wendigo the Tainter (level 12, -19/100 HPs)
             Began as a Yellow Draconian Venom Mage on Mar 28, 2017.
             Was a High Priest of Ru.
             Demolished by a polar bear (24 damage)
             ... on level 2 of the Lair of Beasts on Mar 29, 2017.
             The game lasted 00:55:34 (19874 turns).

Wendigo the Tainter (Yellow Draconian Venom Mage)  Turns: 19874, Time: 00:55:34

Health: -19/100    AC: 14    Str: 10    XL:     12   Next: 12%
Magic:  0/21       EV: 11    Int: 21    God:    Ru [*****.]
Gold:   811        SH:  0    Dex: 12    Spells: 8/24 levels left

rFire    . . .     SeeInvis .   h - +4 quarterstaff (chaos)
rCold    + . .     Gourm    .   (shield currently unavailable)
rNeg     . . .     Faith    .   (armour unavailable)
rPois    +         Spirit   .   (helmet restricted)
rElec    .         Reflect  .   J - scarf {rC+}
rCorr    +         Harm     .   (no gloves)
MR       .....                  F - +1 pair of boots
Stlth    ++........             (no amulet)
Regen    0.3/turn               t - ring of poison resistance
MPRegen  0.2/turn               z - +4 ring of protection

@: no status effects
A: spit acid, acid resistance, unfitting armour, cold-blooded, inability to use
devices, inability to train dodging, no fire magic, no necromancy magic, no
summoning magic, AC +8
a: Breathe Acid, Draw Out Power, Power Leap, Apocalypse, Renounce Religion


You were on level 2 of the Lair of Beasts.
You worshipped Ru.
Ru was extremely pleased with you.
You were very hungry.

You visited 3 branches of the dungeon, and saw 14 of its levels.

You collected 811 gold pieces.

Inventory:

Hand Weapons
 h - a +4 quarterstaff of chaos (weapon)
Armour
 r - a +1 cloak
 F - a +1 pair of boots (worn)
 J - a scarf of cold resistance (worn)
Jewellery
 t - a ring of poison resistance (left hand)
 u - an uncursed ring of see invisible
 z - a +4 ring of protection (right hand)
 L - the ring "Hieg" {MP-9 Int+5 Dex+4 Stlth+}
   (You acquired it on level 10 of the Dungeon)

   [ring of dexterity]

   It affects your intelligence (+5).
   It affects your dexterity (+4).
   It affects your magic capacity (-9).
   It makes you more stealthy.
Wands
 w - a wand of paralysis (19/24)
 G - a wand of flame (27/48)
 M - a wand of disintegration (4/24)
Scrolls
 c - 3 scrolls of teleportation
 f - 4 scrolls of magic mapping
 i - 5 scrolls of identify
 k - 4 scrolls of remove curse
 p - 2 scrolls of enchant weapon
 E - a scroll of enchant armour
 K - a scroll of fear
Potions
 d - 4 potions of flight {unknown}
 e - a potion of haste {unknown}
 g - 3 potions of brilliance {unknown}
 j - 4 potions of agility
 l - 4 potions of heal wounds
 m - 2 potions of berserk rage {unknown}
 s - a potion of mutation
 v - 4 potions of invisibility
 x - 6 potions of curing
 B - a potion of lignification {unknown}
 D - 3 potions of magic {unknown}
 I - a potion of degeneration {unknown}
Books
 a - a Young Poisoner's Handbook

   Spells                             Type                      Level
   a - Sting                          Conjuration/Poison           1
   b - Poisonous Vapours              Poison/Air                   2
   c - Mephitic Cloud                 Conjuration/Poison/Air       3
   d - Olgreb's Toxic Radiance        Poison                       4
   e - Venom Bolt                     Conjuration/Poison           5
 q - a book of Callings

   Spells                             Type                      Level
   a - Summon Small Mammal            Summoning                    1
   b - Call Imp                       Summoning                    2
   c - Call Canine Familiar           Summoning                    3
   d - Summon Guardian Golem          Hexes/Summoning              3
   e - Summon Lightning Spire         Summoning/Air                4
   f - Summon Ice Beast               Ice/Summoning                4
 y - a book of Maledictions

   Spells                             Type                      Level
   a - Corona                         Hexes                        1
   b - Ensorcelled Hibernation        Hexes/Ice                    2
   c - Confuse                        Hexes                        3
   d - Tukima's Dance                 Hexes                        3
   e - Dazzling Spray                 Conjuration/Hexes            3
 C - a book of Air

   Spells                             Type                      Level
   a - Shock                          Conjuration/Air              1
   b - Swiftness                      Charms/Air                   2
   c - Static Discharge               Conjuration/Air              3
   d - Airstrike                      Air                          4
   e - Lightning Bolt                 Conjuration/Air              5
 O - a book of Geomancy

   Spells                             Type                      Level
   a - Sandblast                      Earth                        1
   b - Passwall                       Transmutation/Earth          2
   c - Stone Arrow                    Conjuration/Earth            3
   d - Petrify                        Transmutation/Earth          4
   e - Lee's Rapid Deconstruction     Earth                        5
Comestibles
 b - 6 bread rations
 A - 6 royal jellies
 H - 27 fruits


   Skills:
 + Level 7.0 Fighting
 - Level 1.7 Stealth
 + Level 6.5 Spellcasting
 - Level 9.4 Conjurations
 - Level 9.8 Air Magic
 - Level 11.7 Poison Magic


You had 8 spell levels left.
You knew the following spells:

 Your Spells              Type           Power        Failure   Level  Hunger
a - Sting                 Conj/Pois      ####         1%          1    None
b - Poisonous Vapours     Pois/Air       ######       1%          2    None
c - Mephitic Cloud        Conj/Pois/Air  ######..     1%          3    #......
d - Venom Bolt            Conj/Pois      ######....   3%          5    #####..
e - Lightning Bolt        Conj/Air       #####.....   6%          5    #####..


Dungeon Overview and Level Annotations

Branches:
Dungeon (11/15)            Temple (1/1) D:5            Lair (2/6) D:10
    Orc (0/2) D:9
  Swamp: Lair:2-4    Shoals: Lair:2-4     Snake: Lair:2-4    Spider: Lair:2-4

Altars:
Ashenzari
Cheibriados
Dithmenos
Elyvilon
Fedhas
Gozag
Hepliaklqana
Kikubaaqudgha
Makhleb
Nemelex Xobeh
Okawaru
Qazlal
Ru
Sif Muna
Trog
Uskayaw
Vehumet
Wu Jian
Xom
Yredelemnul
Zin
The Shining One

Shops:
D:9 =(

Annotations:
D:10 exclusion: 2 doors


Innate Abilities, Weirdness & Mutations

You can spit globs of acid.
You are resistant to acid.
Your golden yellow scales are hard. (AC +8)
You cannot fit into any form of body armour.
You are cold-blooded and may be slowed by cold attacks.
You cannot study or use magical devices.
You cannot train Dodging skill.
You cannot study or cast Fire magic.
You cannot study or cast Necromancy magic.
You cannot study or cast Summoning magic.


Message History

The polar bear bites you but does no damage.
The polar bear claws you.
* * * LOW HITPOINT WARNING * * *
The polar bear barely misses you. The polar bear bites you!
* * * LOW HITPOINT WARNING * * *
The polar bear claws you but does no damage.
The polar bear claws you.
* * * LOW HITPOINT WARNING * * *
Casting: Poisonous Vapours
Confirm with . or Enter, or press ? or * to list all spells.
Aiming: Poisonous Vapours
Press: ? - help, Dir - move target cursor, f/p - polar bear
Aim: a polar bear (almost dead, berserk, fast, unusually strong) Poisonous vapours surround the polar bear!
The polar bear is engulfed in poison gas.
The polar bear is poisoned.
The polar bear barely misses you.
The polar bear claws you but does no damage. x2
The polar bear bites you!!
You die...

....................# #...# ##
....................# #...# ##.
....................###
#...###..
....................#.#
#....###. .....................#
##...## ## ...................P#
#....##### ..................##
##....##.. .............h...#
#...##### ............@...#
#...P# # ...............#
##....# ## ..............#
#....## #. .............#
#P...## ## ............# #P...P#
# ...........# ##...## #
.................# ##..รท### #
..................####P...#.###
............................#.##


You could see a polar bear (berserk).

Vanquished Creatures
  Erica (D:9)
  3 two-headed ogres
  Pikel (D:5)
  3 black mambas (Lair:2)
  4 spiny frogs
  A rime drake (Lair:1)
  Prince Ribbit (D:6)
  Grinder (D:6)
  3 blink frogs (Lair:1)
  4 hippogriffs
  5 dream sheep (Lair:1)
  3 wyverns
  9 yaks
  2 basilisks
  A hungry ghost (D:7)
  An acid dragon (D:10)
  4 porcupines (Lair:1)
  Duvessa (D:5)
  2 orc warriors (D:9)
  6 water moccasins
  A black bear (D:8)
  3 ice beasts
  A slave (D:6)
  2 sky beasts
  5 necrophages (D:8)
  An eye of draining (D:9)
  2 phantoms
  2 ogres
  2 centaurs
  5 crocodiles
  Blork the orc (D:4)
  3 big kobolds
  10 bullfrogs
  Dowan (D:5)
  A wyvern skeleton (D:10)
  2 scorpions
  A water moccasin skeleton (D:6)
  9 killer bees (D:10)
  13 wights
  A centaur zombie (D:8)
  2 howler monkeys
  2 orc priests
  Crazy Yiuf (D:2)
  2 bullfrog zombies
  8 orc wizards
  3 hounds
  3 bullfrog skeletons
  2 centaur skeletons
  Ijyb (D:4)
  An iguana (D:9)
  4 worker ants
  2 mummies (D:8)
  3 worker ant zombies
  3 gnolls (D:6)
  15 adders
  2 shadow imps
  2 oozes
  An adder zombie (D:6)
  3 adder skeletons
  5 worms
  2 dart slugs (D:1)
  4 leopard geckos
  22 orcs
  A ball python (D:4)
  6 giant cockroaches
  10 goblins
  13 hobgoblins
  15 jackals
  22 kobolds
  3 quokkas
  7 bats
  7 frilled lizards
  A jackal zombie (D:8)
  2 leopard gecko zombies (D:8)
  13 rats
315 creatures vanquished.

Vanquished Creatures (collateral kills)
  3 killer bees (D:10)
3 creatures vanquished.

Vanquished Creatures (others)
  A black mamba (Lair:2)
  A yak (Lair:1)
  2 slaves (D:6)
  A necrophage (D:8)
  2 bullfrogs
  A fungus (Lair:2)
  A plant (Lair:2)
9 creatures vanquished.

Grand Total: 327 creatures vanquished

Notes
Turn   | Place    | Note
-------+----------+-------------------------------------------
     0 | D:1      | Wendigo the Draconian Venom Mage began the quest for the Orb.
     0 | D:1      | Reached XP level 1. HP: 14/14 MP: 3/3
   194 | D:1      | Reached XP level 2. HP: 16/20 MP: 1/5
   198 | D:1      | Learned a level 2 spell: Poisonous Vapours
   934 | D:1      | Reached XP level 3. HP: 26/26 MP: 1/6
   994 | D:1      | Learned a level 3 spell: Mephitic Cloud
  1954 | D:2      | Reached skill level 1 in Air Magic
  1980 | D:2      | Found a shadowy altar of Dithmenos.
  2481 | D:2      | Reached XP level 4. HP: 33/33 MP: 4/7
  2935 | D:2      | Found a runed door.
  2939 | D:2      | Noticed Crazy Yiuf
  2949 | D:2      | Killed Crazy Yiuf
  2949 | D:2      | Reached skill level 4 in Poison Magic
  3298 | D:3      | Reached XP level 5. HP: 36/38 MP: 0/8
  4681 | D:3      | Found a burning altar of Makhleb.
  4848 | D:4      | Reached XP level 6. HP: 45/45 MP: 6/9
  4934 | D:4      | Noticed Blork the orc
  4948 | D:4      | Killed Blork the orc
  5138 | D:4      | Reached skill level 5 in Poison Magic
  5390 | D:4      | Noticed Ijyb
  5394 | D:4      | Paralysed by Ijyb for 7 turns
  5406 | D:4      | Paralysed by Ijyb for 3 turns
  5416 | D:4      | Killed Ijyb
  5652 | D:4      | Found an ornate altar of the Wu Jian Council.
  5765 | D:4      | Noticed a sky beast
  5800 | D:4      | Killed a sky beast
  5800 | D:4      | Your scales start taking on a golden yellow colour.
  5800 | D:4      | Reached XP level 7. HP: 40/50 MP: 1/10
  6028 | D:4      | Found a glowing silver altar of Zin.
  6028 | D:4      | Noticed an angel
  6238 | D:5      | Entered Level 5 of the Dungeon
  6365 | D:5      | Found a hazy altar of Hepliaklqana.
  6505 | D:5      | Found a staircase to the Ecumenical Temple.
  6514 | Temple   | Entered the Ecumenical Temple
  6855 | Temple   | Became a worshipper of Ru the Awakened
  6923 | D:5      | Reached skill level 5 in Conjurations
  6923 | D:5      | Reached skill level 6 in Poison Magic
  7231 | D:5      | Noticed Duvessa
  7371 | D:5      | Noticed Dowan
  7371 | D:5      | Killed Duvessa
  7371 | D:5      | Reached XP level 8. HP: 57/57 MP: 1/11
  7382 | D:5      | Killed Dowan
  7405 | D:5      | Reached skill level 5 in Air Magic
  7978 | D:6      | Noticed Pikel
  7990 | D:5      | Killed Pikel
  7990 | D:5      | Reached skill level 7 in Poison Magic
  8095 | D:5      | Reached skill level 8 in Poison Magic
  8095 | D:5      | Reached XP level 9. HP: 19/62 MP: 0/12
  8826 | D:6      | Found a hide-covered altar of Uskayaw.
  8839 | D:6      | Noticed Grinder
  8849 | D:6      | Killed Grinder
  8902 | D:6      | Noticed Prince Ribbit
  8912 | D:6      | Killed Prince Ribbit
  8912 | D:6      | Reached skill level 9 in Poison Magic
  9108 | D:6      | Found a stormy altar of Qazlal.
  9576 | D:7      | Gained mutation: You cannot train Dodging skill. [Ru sacrifice]
  9576 | D:7      | Reached * piety under Ru
  9576 | D:7      | Reached ** piety under Ru
 10936 | D:8      | Found a glowing golden altar of the Shining One.
 10945 | D:8      | Noticed a two-headed ogre
 11018 | D:8      | Killed a two-headed ogre
 11018 | D:8      | Reached skill level 10 in Poison Magic
 11018 | D:8      | Reached XP level 10. HP: 64/69 MP: 0/13
 11834 | D:7      | Learned a level 5 spell: Venom Bolt
 12869 | D:8      | Gained mutation: You cannot study or cast Fire magic. [Ru sacrifice]
 12869 | D:8      | Gained mutation: You cannot study or cast Necromancy magic. [Ru sacrifice]
 12869 | D:8      | Gained mutation: You cannot study or cast Summoning magic. [Ru sacrifice]
 12869 | D:8      | Reached *** piety under Ru
 13364 | D:9      | Noticed Erica
 13385 | D:9      | Killed Erica
 13385 | D:9      | Reached skill level 11 in Poison Magic
 13640 | D:9      | Found Sicenote's Weapon Shop.
 13640 | D:9      | Found a staircase to the Orcish Mines.
 13938 | D:9      | Found Jaufreunass's Jewellery Emporium.
 14165 | D:9      | Noticed a two-headed ogre
 14183 | D:9      | Killed a two-headed ogre
 14183 | D:9      | Reached XP level 11. HP: 60/74 MP: 0/14
 14808 | D:9      | Found a deep blue altar of Sif Muna.
 14847 | D:9      | Found an ancient bone altar of Kikubaaqudgha.
 14860 | D:9      | Found a radiant altar of Vehumet.
 15193 | D:10     | Entered Level 10 of the Dungeon
 15708 | D:10     | Found a staircase to the Lair.
 15708 | D:10     | Noticed a two-headed ogre
 15735 | D:10     | Killed a two-headed ogre
 16089 | D:10     | Identified a scroll of acquirement
 16090 | D:10     | Got a scorched lapis lazuli ring
 16092 | D:10     | Identified the ring "Hieg" {MP-9 Int+5 Dex+4 Stlth+} (You acquired it on level 10 of the Dungeon)
 16299 | Lair:1   | Entered Level 1 of the Lair of Beasts
 16466 | Lair:1   | Reached skill level 1 in Fighting
 16791 | Lair:1   | Learned a level 5 spell: Lightning Bolt
 17030 | Lair:1   | Gained mutation: You cannot study or use magical devices. [Ru sacrifice]
 17030 | Lair:1   | Reached **** piety under Ru
 17030 | Lair:1   | Reached ***** piety under Ru
 18436 | Lair:1   | Reached skill level 5 in Fighting
 18436 | Lair:1   | Reached skill level 5 in Spellcasting
 19192 | Lair:2   | Reached XP level 12. HP: 97/97 MP: 4/21
 19872 | Lair:2   | HP: 5/100 [polar bear (12)]
 19874 | Lair:2   | Demolished by a polar bear

Vault maps used:
D:1:      dpeg_arrival_leaves_temple_mockup
D:2:      nicolae_dithmenos_shadow_blocks, uniq_crazy_yiuf_cottage
D:3:      makhleb_heckhound_becter
D:4:      kennysheep_little_box, zin_angel, uniq_blork_the_orc, uniq_iyjb
D:5:      nicolae_overflow_hidden_temple, minmay_temple_entry_overgrown,
          first_bread, uniq_duvessa
D:6:      eat_drink_and_be_merry_uskayaw, grunt_qazlal_sundering,
          uniq_prince_ribbit1, uniq_grinder, uniq_pikel
D:8:      serial_undead, serial_undead_a, serial_undead_d, serial_undead_d,
          serial_undead_f, serial_undead_d, serial_undead_f,
          blue_anna_alchemist, tso_metal_star
D:9:      palyth_temple_overflow_mages, orc_david_3, serial_shops, shop,
          uniq_erica
D:10:     erik_lair_dragon
D:11:     uniq_fannar
Temple:   minmay_temple_forest_path
Lair:1:   enter_volcano_1, grunt_megastairs_4
Lair:2:   minmay_guarded_unrand_snakebite

Skill      XL: |  1  2  3  4  5  6  7  8  9 10 11 12 |
---------------+-------------------------------------+-----
Air Magic      | 1 2 3 4 6 9 |  9.8
Conjurations   | 2 3 4 5 8 9 |  9.4
Poison Magic   | 4 5 6 8 10 11 | 11.7
Dodging        | 0 |  0.0
Fighting       | 6 7 |  7.0
Spellcasting   | 6 |  6.5
Stealth        | |  1.7

Action                   |  1- 3 |  4- 6 |  7- 9 | 10-12 || total
-------------------------+-------+-------+-------+-------++-------
Melee: Unarmed           |    57 |       |       |       ||    57
       Tailslap          |     8 |     4 |     6 |    32 ||    50
       Dagger            |     1 |    24 |       |       ||    25
       Quarterstaff      |       |    50 |   118 |   297 ||   465
 Cast: Sting             |    10 |     1 |       |       ||    11
       Poisonous Vapours |    51 |    87 |   102 |   170 ||   410
       Mephitic Cloud    |       |       |     3 |     9 ||    12
       Lightning Bolt    |       |       |       |    27 ||    27
       Venom Bolt        |       |       |       |     6 ||     6
Invok: Sacrifice Nimblen |       |       |     1 |       ||     1
       Sacrifice Arcana  |       |       |       |     1 ||     1
       Power Leap        |       |       |       |     1 ||     1
       Sacrifice Artific |       |       |       |     1 ||     1
 Abil: Breathe Acid      |       |       |    11 |    16 ||    27
  Use: Scroll            |       |       |    13 |     6 ||    19
 Stab: Distracted        |     1 |       |       |       ||     1
       Confused          |       |       |     1 |       ||     1
       Paralysed         |       |       |       |     7 ||     7
       Sleeping          |       |       |       |     2 ||     2
       Petrified         |       |       |       |     5 ||     5
       Invisible         |       |       |       |     2 ||     2
  Eat: Chunk             |     9 |    15 |    20 |    22 ||    66
       Royal jelly       |       |       |     1 |       ||     1
       Meat ration       |       |       |     1 |     5 ||     6
Armor: Skin              |    47 |    26 |    49 |   190 ||   312
Dodge: Dodged            |    74 |    42 |    81 |   199 ||   396
